 Dungeon Crawl Stone Soup version 0.31.0-7-gf635a9b802 (webtiles) character file.

Game seed: 14666908531380846424

1511942 Drazool the Worldbinder (level 27, 276/276 HPs)
             Began as an Octopode Summoner on Jan 21, 2024.
             Was a High Priest of Sif Muna.
             Escaped with the Orb
             ... and 3 runes on Jan 23, 2024!
             The game lasted 09:27:37 (88145 turns).

Drazool the Worldbinder (Octopode Summoner)        Turns: 88145, Time: 09:27:37

Health: 276/276    AC: 14    Str: 25    XL:     27
Magic:  53/53      EV: 27    Int: 45    God:    Sif Muna [*****.]
Gold:   5175       SH:  0    Dex: 22    Spells: 4/60 levels left

rFire   + + +        t - melded staff of the Last Leylines {rElec rF+ Summ Tloc Air, !a}
rCold   + . .        (shield currently unavailable)
rNeg    + . .        K - melded +2 hat
rPois   +            P - amulet of Hiet {RegenMP ^Drain rElec rC++ Int+2}
rElec   +            e - ring "Tuoxuuf" {rPois EV+8}
rCorr   .            F - ring "Nyuwyuraa" {rC+ Str+5 Dex+6}
SInv    +            E - +5 ring of evasion
Will    ++++.        W - ring of willpower
Stlth   ++           Z - ring "Ukosch" {Will+ Int+6}
HPRegen 0.66/turn    Q - ring "Siop" {Fire rElec rN+ Str+3 SInv}
MPRegen 0.73/turn    M - ring of magical power
                     I - +9 ring of intelligence

%: no passive effects
@: dragon-form, flying, studying 2 skills
A: dragon claw, dragon scales, breathe fire, flying, boosted hp, almost no
armour, amphibious, 8 rings, giant, (camouflage 1), (gelatinous body 1), (nimble
swimmer 1), (tentacles), (tentacle spike 1), (iridescent scales 1), wild magic 1
0: Orb of Zot
}: 3/15 runes: decaying, serpentine, silver
a: Breathe Fire, Begin Untransformation, Renounce Religion, Channel Magic,
Forget Spell, Divine Exegesis


You escaped.
You worshipped Sif Muna.
Sif Muna was extremely pleased with you.
You were a fearsome dragon!
You visited 11 branches of the dungeon, and saw 51 of its levels.
You also visited: Ice Cave and Wizlab.

You collected 12038 gold pieces.
You spent 6863 gold pieces at shops.


Innate Abilities, Weirdness & Mutations

You are a fearsome dragon!
You have a powerful clawing attack.
Your giant scaled body is strong and resilient, but less evasive.
You can breathe fire.
You are flying.
Your maximum health is greatly increased.
Your armour is entirely melded.
You are incapable of wielding weapons or throwing items.
You cannot wear most types of armour.
You are amphibious.
You can wear up to eight rings at the same time.
((Your skin changes colour to match your surroundings (Stealth+).))
((Your rubbery body absorbs attacks. (AC +1, EV +1)))
((You are camouflaged when in or above water. (Stealth+)))
((You have tentacles for arms and can constrict up to eight enemies at once.))
((One of your tentacles bears a spike.))
((You are partially covered in iridescent scales. (AC +2)))
Your spells are a little harder to cast, but a little more powerful.


   Skills:
 - Level 14.5 Fighting
 - Level 10.0 Dodging
 - Level 7.0 Stealth
 - Level 20.0 Unarmed Combat
 - Level 17.0 Spellcasting
 - Level 6.0 Hexes
 - Level 25.0 Summonings
 - Level 13.0 Necromancy
 - Level 2.0 Translocations
 - Level 12.0 Fire Magic
 - Level 6.0 Air Magic
 - Level 14.0 Invocations
 - Level 5.0 Evocations
 + Level 19.1 Shapeshifting


You had 4 spell levels left.
You knew the following spells:

 Your Spells              Type           Power      Damage    Failure   Level
b - Borgnjor's Vile Clut  Necr/Erth      45%        N/A       2%          5
d - Dragon's Call         Summ           74%        N/A       4%          9
h - Summon Hydra          Summ           74%        N/A       1%          7
m - Monstrous Menagerie   Summ           74%        N/A       1%          7
s - Summon Horrible Thin  Summ           74%        N/A       1%          8
t - Haunt                 Necr/Summ      67%        N/A       1%          7
v - Summon Mana Viper     Hex/Summ       100%       N/A       1%          5
B - Blink                 Tloc           100%       N/A       1%          2
Y - Summon Cactus Giant   Summ           74%        N/A       1%          6

Your spell library contained the following spells:

 Spells                   Type           Power      Damage    Failure   Level
 Apportation              Tloc           100%       N/A       1%          1
 Foxfire                  Conj/Fire      100%       2x1d9     1%          1
 Freeze                   Ice            100%       1d10      1%          1
 Kiss of Death            Conj/Necr      100%       2d13      1%          1
 Magic Dart               Conj           100%       1d8       1%          1
 Necrotise                Necr           100%       1d9       1%          1
 Sandblast                Erth           98%        2d20      1%          1
 Shock                    Conj/Air       100%       1d9       1%          1
 Slow                     Hex            100%       N/A       1%          1
 Sting                    Conj/Alch      100%       1d9       1%          1
 Summon Small Mammal      Summ           100%       N/A       1%          1
 Call Imp                 Summ           100%       N/A       1%          2
 Ensorcelled Hibernation  Hex/Ice        100%       N/A       1%          2
 Jinxbite                 Hex            100%       N/A       1%          2
 Lesser Beckoning         Tloc           100%       N/A       1%          2
 Mercury Vapours          Alch/Air       100%       N/A       1%          2
 Momentum Strike          Conj/Tloc      100%       3d10      1%          2
 Scorch                   Fire           100%       2d9       1%          2
 Searing Ray              Conj           98%        2d8       1%          2
 Static Discharge         Conj/Air       100%       3-8/arc   1%          2
 Sublimation of Blood     Necr           100%       N/A       1%          2
 Call Canine Familiar     Summ           100%       N/A       1%          3
 Confusing Touch          Hex            88%        N/A       1%          3
 Dazzling Flash           Conj/Hex       100%       N/A       1%          3
 Fugue of the Fallen      Necr           100%       N/A       1%          3
 Gell's Gravitas          Tloc           65%        N/A       1%          3
 Inner Flame              Hex/Fire       100%       N/A       1%          3
 Mephitic Cloud           Conj/Alch/Air  65%        N/A       1%          3
 Sigil of Binding         Hex            88%        N/A       1%          3
 Summon Ice Beast         Ice/Summ       100%       N/A       1%          3
 Swiftness                Air            88%        N/A       1%          3
 Teleport Other           Tloc           65%        N/A       1%          3
 Tukima's Dance           Hex            88%        N/A       1%          3
 Vampiric Draining        Necr           100%       2d13      1%          3
 Volatile Blastmotes      Fire/Tloc      100%       2d18      1%          3
 Airstrike                Air            44%        2d(7-23)  1%          4
 Anguish                  Hex/Necr       51%        N/A       1%          4
 Animate Dead             Necr           100%       N/A       1%          4
 Cause Fear               Hex            44%        N/A       1%          4
 Dispel Undead            Necr           100%       3d31      1%          4
 Flame Wave               Conj/Fire      100%       2d21      1%          4
 Ignite Poison            Fire/Alch      100%       N/A       1%          4
 Martyr's Knell           Necr/Summ      100%       N/A       1%          4
 Sticky Flame             Fire/Alch      100%       2d15      1%          4
 Summon Blazeheart Golem  Fire/Summ      100%       N/A       1%          4
 Summon Lightning Spire   Summ/Air       100%       N/A       1%          4
 Dimensional Bullseye     Hex/Tloc       38%        N/A       2%          4
 Vhi's Electric Charge    Tloc/Air       100%       N/A       2%          4
 Frozen Ramparts          Ice            98%        1d15      3%          3
 Hailstorm                Conj/Ice       49%        3d10      3%          3
 Ozocubu's Armour         Ice            49%        N/A       3%          3
 Passwall                 Erth           49%        N/A       3%          3
 Stone Arrow              Conj/Erth      98%        3d13      3%          3
 Manifold Assault         Tloc           65%        N/A       4%          4
 Passage of Golubria      Tloc           65%        N/A       4%          4
 Iskenderun's Mystic Bla  Conj/Tloc      57%        2d12      7%          4
 Brom's Barrelling Bould  Conj/Erth      49%        2d7       10%         4
 Fulminant Prism          Conj/Alch      24%        3d12      10%         4
 Leda's Liquefaction      Alch/Erth      24%        N/A       10%         4
 Olgreb's Toxic Radiance  Alch           49%        N/A       10%         4
 Petrify                  Alch/Erth      49%        N/A       10%         4
 Curse of Agony           Necr           100%       N/A       1%          5
 Summon Forest            Summ/Tloc      59%        N/A       1%          5
 Death Channel            Necr           58%        N/A       1%          6
 Fireball                 Conj/Fire      55%        3d21      2%          5
 Silence                  Hex/Air        44%        N/A       2%          5
 Malign Gateway           Summ/Tloc      59%        N/A       3%          7
 Plasma Beam              Fire/Air       62%        2x1d78    4%          6
 Spellforged Servitor     Conj/Summ      57%        N/A       5%          7
 Arcjolt                  Conj/Air       35%        1d45      8%          5
 Metabolic Englaciation   Hex/Ice        35%        N/A       8%          5
 Yara's Violent Unravell  Hex/Alch       35%        3d14      8%          5
 Freezing Cloud           Conj/Ice/Air   32%        6-21      12%         5
 Starburst                Conj/Fire      55%        6d15      12%         6
 Alistair's Intoxication  Alch           32%        N/A       24%         5
 Irradiate                Conj/Alch      24%        3d19      24%         5
 Iskenderun's Battlesphe  Conj           49%        2d10      24%         5
 Borgnjor's Revivificati  Necr           58%        N/A       26%         8
 Infestation              Necr           58%        N/A       26%         8
 Ignition                 Fire           68%        3d18      36%         8
 Dispersal                Tloc           32%        N/A       47%         6
 Enfeeble                 Hex            44%        N/A       50%         7
 Bombard                  Conj/Erth      24%        9d5       75%         6
 Eringya's Noxious Bog    Alch           24%        4d6       75%         6
 Sculpt Simulacrum        Ice/Alch       24%        N/A       75%         6
 Death's Door             Necr           58%        N/A       98%         9
 Orb of Destruction       Conj           24%        9d9       99%         7
 Ozocubu's Refrigeration  Ice            24%        4d12      99%         7
 Maxwell's Capacitive Co  Air            44%        ∞         99%         8
 Lehudib's Crystal Spear  Conj/Erth      24%        10d7      100%        8
 Fire Storm               Conj/Fire      55%        8d14      100%        9
 Shatter                  Erth           24%        3d21*     100%        9

Inventory:

Armour
 K - a +2 hat (melded)
Magical Staves
 t - the staff of the Last Leylines (melded) {rElec rF+ Summ Tloc Air, !a}
   (You found it on level 5 of the Vaults)

   [staff of air]

   Base accuracy: +5 Base damage: 5 Base attack delay: 1.2 This weapon's minimum
   attack delay (0.6) is reached at skill level 12.
   rF+:       It protects you from fire.
   rElec:     It insulates you from electricity.
   Summ:      It increases the power of your Summonings spells.
   Tloc:      It increases the power of your Translocations spells.
   Air:       It increases the power of your Air spells.
   It falls into the 'Staves' category.
   It is a one-tentacled weapon.
Jewellery
 e - the ring "Tuoxuuf" (left foreclaw) {rPois EV+8}
   (You bought it in a shop on level 13 of the Dungeon)

   [ring of evasion]

   EV+8:      It affects your evasion (+8).
   rPois:     It protects you from poison
 C - an amulet of faith {!P}
 E - a +5 ring of evasion (on tentacle)
 F - the ring "Nyuwyuraa" (right foreclaw) {rC+ Str+5 Dex+6}
   (You bought it in a shop on level 13 of the Dungeon)

   [ring of dexterity]

   Str+5:     It affects your strength (+5).
   Dex+6:     It affects your dexterity (+6).
   rC+:       It protects you from cold.
 I - a +9 ring of intelligence (on tentacle)
 M - a ring of magical power (on tentacle)
 P - the amulet of Hiet (around neck) {RegenMP ^Drain rElec rC++ Int+2}
   (You bought it in a shop on level 10 of the Dungeon)

   [amulet of magic regeneration]

   RegenMP:   It increases your rate of magic regeneration.
   Int+2:     It affects your intelligence (+2).
   rC++:      It greatly protects you from cold.
   rElec:     It insulates you from electricity.
   ^Drain:    It drains your maximum health when unequipped.
 Q - the ring "Siop" (on tentacle) {Fire rElec rN+ Str+3 SInv}
   (You found it on level 10 of the Dungeon)

   [ring of fire]

   Fire:      It enhances your fire magic.
   Str+3:     It affects your strength (+3).
   rF+:       It protects you from fire.
   rC-:       It makes you vulnerable to cold.
   rElec:     It insulates you from electricity.
   rN+:       It protects you from negative energy.
   SInv:      It lets you see invisible.
 W - a ring of willpower (on tentacle)
 Z - the ring "Ukosch" (on tentacle) {Will+ Int+6}
   (You bought it in a shop on level 13 of the Dungeon)

   [ring of intelligence]

   Int+6:     It affects your intelligence (+6).
   Will+:     It increases your willpower.
Talismans
 T - a dragon-blood talisman (active)
Wands
 a - a wand of paralysis (50)
 y - a wand of acid (23)
 J - a wand of polymorph (18)
 O - a wand of iceblast (61)
 R - a wand of flame (71)
 S - a wand of mindburst (42)
 U - a wand of digging (16)
Scrolls
 d - 9 scrolls of vulnerability
 l - 3 scrolls of silence {!r}
 m - 2 scrolls of blinking
 n - 6 scrolls of immolation
 o - 16 scrolls of teleportation {@r2}
 q - a scroll of brand weapon
 r - 3 scrolls of butterflies
 u - 9 scrolls of fear
 x - 12 scrolls of fog
 B - 9 scrolls of poison
 N - 10 scrolls of enchant weapon
 V - 10 scrolls of revelation
 Y - 13 scrolls of enchant armour
Potions
 c - 18 potions of lignification
 f - 6 potions of heal wounds {@q2}
 g - 7 potions of invisibility
 h - 12 potions of mutation
 i - 12 potions of brilliance
 j - 2 potions of cancellation
 k - 9 potions of attraction
 p - 10 potions of enlightenment
 w - 5 potions of magic
 z - 5 potions of haste {@q3}
 A - 7 potions of might
 D - 2 potions of ambrosia
 G - 17 potions of curing {@q1}
 X - 2 potions of resistance
Miscellaneous
 b - a phial of floods
 s - a tin of tremorstones (2/2)
 v - a lightning rod (4/4)
 H - a phantom mirror
 L - a box of beasts

Dungeon Overview and Level Annotations

Branches:
Dungeon (15/15)            Temple (1/1) D:5            Lair (5/5) D:8
  Swamp (4/4) Lair:2        Snake (4/4) Lair:2        Slime (0/5) Lair:4
    Orc (2/2) D:12            Elf (3/3) Orc:2        Vaults (5/5) D:14
  Crypt (3/3) Vaults:2       Tomb (0/3) Crypt:3      Depths (4/4) D:15
    Zot (5/5) Depths:4      IceCv (visited)          WizLab (visited)

Altars:
Ashenzari
Cheibriados
Dithmenos
Elyvilon
Fedhas
Gozag
Hepliaklqana
Kikubaaqudgha
Makhleb
Nemelex Xobeh
Okawaru
Qazlal
Ru
Sif Muna
Trog
Uskayaw
Vehumet
Wu Jian
Xom
Yredelemnul
Zin
The Shining One

Shops:
D:3 *   D:4 [   D:8 *   D:10 =!   D:13 =   Orc:2 *=[*   Elf:2 (   Vaults:1 ?
Vaults:2 (

Portals:
Hell: Depths:1 Depths:2 Depths:3 Depths:4
Abyss: Depths:3
Pandemonium: Depths:2
Ziggurat: Depths:2

Annotations:
D:14 2 runed translucent doors, Jaliuk's ghost, journeyman DECj
Orc:1 2 transporters
Elf:2 3 runed translucent doors
Depths:2 1 runed translucent door
Zot:3 3 runed translucent doors, SnakkuSnakku7's ghost, master TrEn

##....#.....#..#.#..#.....# #
......#......#.#.#.#......# #
...#..#......#.....#......#######
......##......#...#......#.......
..#.#.#.#.....#...#.....#........
......#..##...........##......[..
###....#...##..#.#..##...#.......
.....#.###....#.#.#....###.......
.....#.#...(...#D#.......#.......
.....#.###....#.#.#....##########
.%...#.#...##..#.#..##...## #
.....#...##...........##..#
######..#(....#...#.....#.#
.......#......#...#......##
....###......#.....#......#
.#...........#.#.#.#......#
.#.###......#..#.#..#.....#######


There were no monsters in sight!


Message History

The daeva blocks your shadow dragon's attack.
Your wraith hits the daeva but does no damage.
Your phantasmal warrior hits the daeva!!
Your wraith hits the daeva!
Unknown command.
The daeva hits your shadow dragon with a +3 long sword of holy wrath! x2
Your shadow dragon bites the daeva!
The daeva dies!
Sif Muna accepts your kill.
Unknown command.
There is a stone staircase leading up here.
You fly upwards.
There is a stone staircase leading down here.
There is a stone staircase leading up here.
You fly upwards.
HP restored.
There is a stone staircase leading down here.
Magic restored.
The roar of the dragon horde subsides.
There is a stone staircase leading up here.
You fly upwards.
There is a stone staircase leading down here.
There is a stone staircase leading up here.
You fly upwards.
There is a stone staircase leading down here.
You can once more reach out to the dragon horde.
There is a stone staircase leading up here.
You fly upwards.
There is a stone staircase leading down here.
There is a staircase leading out of the dungeon here.
You have escaped!

Skill      XL: |  1  2  3  4  5  6  7  8  9 10 11 12 13 14 15 16 17 18 19 20 21 22 23 24 25 26 27 |
---------------+----------------------------------------------------------------------------------+-----
Summonings     | 5 6 9 12 14 15 16 19 21 24 25 | 25.0
Spellcasting   | 4 8 9 10 12 14 15 17 | 17.0
Stealth        | 3 4 6 7 |  7.0
Fighting       | 2 5 7 10 12 13 14 | 14.5
Fire Magic     | 2 5 8 11 12 | 12.0
Translocations | 2 |  2.0
Invocations    | 3 7 8 10 12 14 | 14.0
Air Magic      | 6 |  6.0
Dodging        | 4 6 8 9 10 | 10.0
Hexes          | 5 6 |  6.0
Shapeshifting  | 4 8 10 14 17 19 | 19.1
Unarmed Combat | 3 5 10 12 13 15 20 | 20.0
Necromancy     | 2 11 12 13 | 13.0
Evocations     | 3 5 |  5.0

Action                     |  1- 3 |  4- 6 |  7- 9 | 10-12 | 13-15 | 16-18 | 19-21 | 22-24 | 25-27 || total
---------------------------+-------+-------+-------+-------+-------+-------+-------+-------+-------++-------
  Melee: Unarmed           |    24 |    11 |    34 |       |    10 |   143 |   147 |   182 |   137 ||   688
         Tentacles         |     8 |     3 |     7 |     8 |    22 |       |       |       |       ||    48
         Constrict         |     5 |     5 |     6 |     8 |    22 |    31 |    33 |    34 |     4 ||   148
         Punch             |     2 |       |       |       |     2 |       |       |       |    12 ||    16
         Hand axe          |       |       |       |    32 |    52 |       |       |       |       ||    84
         Knife             |       |       |       |       |    26 |       |       |       |       ||    26
         Bite              |       |       |       |       |       |       |       |       |    24 ||    24
         Tailslap          |       |       |       |       |       |       |       |       |    26 ||    26
   Cast: Summon Small Mamm |    34 |    43 |    18 |     2 |       |       |       |       |       ||    97
         Call Imp          |     8 |     7 |     9 |       |       |       |       |       |       ||    24
         Call Canine Famil |     5 |    11 |    32 |    19 |    22 |     7 |     3 |       |       ||    99
         Summon Blazeheart |       |       |    19 |    91 |    67 |       |     1 |       |       ||   178
         Summon Lightning  |       |       |       |    17 |    32 |       |       |       |       ||    49
         Summon Mana Viper |       |       |       |     2 |   102 |    19 |     5 |     4 |       ||   132
         Summon Cactus Gia |       |       |       |       |   124 |   112 |    63 |     6 |       ||   305
         Summon Hydra      |       |       |       |       |       |   284 |   294 |   273 |    72 ||   923
         Monstrous Menager |       |       |       |       |       |    47 |    25 |    19 |     6 ||    97
         Haunt             |       |       |       |       |       |    10 |   201 |   276 |   174 ||   661
         Ignition          |       |       |       |       |       |       |     1 |       |     1 ||     2
         Borgnjor's Vile C |       |       |       |       |       |       |     4 |    71 |    86 ||   161
         Summon Horrible T |       |       |       |       |       |       |       |    25 |    10 ||    35
         Dragon's Call     |       |       |       |       |       |       |       |     4 |    43 ||    47
         Blink             |       |       |       |       |       |       |       |       |     1 ||     1
 Invoke: Channel Magic     |       |       |       |       |       |     1 |     3 |     7 |    13 ||    24
         Divine Exegesis   |       |       |       |       |       |       |     1 |       |     1 ||     2
Ability: Breathe Fire      |       |       |       |       |       |       |       |       |    25 ||    25
  Evoke: Wand              |       |       |       |     2 |    12 |     2 |     7 |     7 |     5 ||    35
         Phantom mirror    |       |       |       |       |       |       |     1 |     1 |       ||     2
    Use: Scroll            |     2 |     6 |     3 |    11 |     7 |     4 |     5 |     9 |    10 ||    57
         Potion            |       |       |     6 |     1 |       |     5 |     3 |     3 |    14 ||    32
   Stab: Sleeping          |     1 |       |     1 |       |     1 |       |     3 |       |     2 ||     8
         Distracted        |       |       |     1 |       |     1 |     6 |     1 |     7 |    12 ||    28
 Armour: Skin              |     9 |    14 |    69 |    89 |   138 |   224 |   249 |   245 |   181 ||  1218
  Dodge: Dodged            |    14 |     6 |    68 |    66 |   220 |   206 |   220 |   256 |   240 ||  1296
   Form: Serpent           |       |       |       |       |     1 |       |     1 |       |       ||     2
                           |       |       |       |       |       |       |     1 |       |     1 ||     2
         Dragon            |       |       |       |       |       |       |       |       |     2 ||     2

Levels and vault maps discovered:
D:1:      spicycebolla_arrival_xxxplode, layout_basic,
          hellmonk_ecumenical_altar_heavens_door
D:2:      layout_rooms, uniq_sigmund
D:3:      layout_rooms, nicolae_gozag_zags_fifth_avenue, minmay_strange_pillars
D:4:      layout_rooms, old_standard_altar, serial_shops, shop
D:5:      layout_rooms, minmay_temple_entry_poolview
D:6:      layout_rooms, minmay_joined_circles
D:7:      layout_cave_pods, uniq_pikel
D:8:      layout_loops_cross, lair_entry_dummy, serial_shops,
          nicolae_shop_tiny_waterfront
D:9:      layout_long_grid, okawaru_humans,
          nicolae_hepliaklqana_ecumenical_no_more
D:10:     layout_loops_ring, serial_shops, nicolae_shop_rolling_square,
          gammafunk_ghost_icy, nicolae_take_the_stairs, uniq_erolcha
D:11:     layout_irregular_city
D:12:     layout_roguey, erik_orc_3, minmay_misc_feat_square,
          nicolae_straight_to_the_point, uniq_kirke
D:13:     layout_roguey, nicolae_shop_unique_rings
D:14:     minmay_heptahexagon, layout_loops_ring, david_vaults_3, serial_glass,
          glass_columns_a, glass_columns_b, minivault_27,
          ebering_ghost_disaster_area, kennysheep_cross_bottleneck
D:15:     grunt_enter_depths_snipers, layout_long_grid,
          ebering_dispersal_statue_hall
Temple:   nicolae_temple_two_arcs
Lair:1:   layout_roguey, gammafunk_ghost_grave, serial_bayou_shore_a,
          infiniplex_staircase_pool_2, uniq_gastronok
Lair:2:   layout_loops_ring, alex1729_swamp_entry_worm_eleionoma,
          nicolae_snake_entry_warm_welcome
Lair:3:   layout_hall_layers
Lair:4:   layout_roguey, nicolae_slime_entry_slimehenge
Lair:5:   grunt_lair_end_beastmaster, layout_gridlike, grunt_megastairs_1
Swamp:1:  layout_basic_swamp, portal_ice_cave_entry_ice_statue_one,
          hangedman_swamp_lotus, swamp_pool_1_2, uniq_aizul
Swamp:2:  layout_basic_swamp, serial_swamp_ruin, evilmike_swamp_ruin_rubble_2,
          evilmike_swamp_ruin_house_1
Swamp:3:  layout_basic_swamp, nicolae_swamp_stuck_in_the_mud
Swamp:4:  byrel_swamp_growth_death_and_undeath, layout_basic_swamp,
          swamp_pool_1_2, nicolae_swamp_big_swirl, nicolae_swamp_tree_isthmus
Snake:1:  layout_layer_cave, basic_altar, grunt_ministairs_12,
          nicolae_snake_snakes_in_the_grass, lemuel_fruit_tree
Snake:2:  layout_layer_cave, grunt_megastairs_4
Snake:3:  layout_cave_shapes, st_stairs_6, grunt_megastairs_3
Snake:4:  snake_pit_salamanders_mu, layout_onion_interference, basic_altar
Orc:1:    emtedronai_trogs_sanctum, layout_caves
Orc:2:    pubby_orc_utopia, serial_shops, uniq_donald, uniq_azrael
Elf:1:    eino_elf_arrival_the_gate, layout_gridlike, hangedman_elf_represent,
          nicolae_shop_self_help
Elf:2:    nicolae_elf_blades_splatter_lattice [nicolae_blade_tridents],
          layout_onion_city, serial_shops, nicolae_shop_gibbet_a_chance,
          serial_library_hellmonk_long_bookcase
Elf:3:    grunt_elf_hall_diamonds, layout_loops_cross, amcnicky_mini_pool_small
Vaults:1: nicolae_vaults_windows_and_doors_thing, ontoclasm_vaults_eye,
          nicolae_vaults_tetromino_L_2, vaults_room_corners, v_alt_pattern_2,
          hangedman_vaults_corner_blocks, nicolae_vaults_frosty_reception,
          ontoclasm_vaults_decontamination, ontoclasm_vaults_ring_small,
          v_misc_32, nicolae_vaults_tangram_2, layout_vaults_omnicross,
          serial_shops, shop
Vaults:2: nicolae_vaults_quartermaster, v_pattern_3,
          nicolae_vaults_sealed_display, nicolae_vaults_more_shelving_1,
          vaults_room_pool, vaults_dpeg_spiral, minmay_crypt_entry_simple_plaza,
          nicolae_vaults_network_periphery, hangedman_vaults_trim,
          nicolae_vaults_doubleplus_tesselated, nicolae_vaults_double_plus_1,
          vaults_room_grid, layout_vaults_ring, serial_shops,
          nicolae_lakefront_shop, uniq_mara
Vaults:3: ontoclasm_vaults_claustrophobia, hangedman_vaults_restitches,
          nicolae_vaults_ellipses_ellipsis, nicolae_vaults_storage_closets_3,
          nicolae_vaults_mitosis, hangedman_vaults_restitches,
          nicolae_vaults_shrinking_rooms_1, vaults_dpeg_ring,
          vaults_room_stairs_pillars, layout_vaults_big_room
Vaults:4: dpeg_vaults_hating_casters, dpeg_vaults_monster_box,
          nicolae_vaults_more_shelving_2, nicolae_vaults_two_Ls,
          nicolae_vaults_triangles, nicolae_vaults_storage_room_statues,
          layout_vaults_quadrants, uniq_margery
Vaults:5: serial_shops
Crypt:1:  layout_misc_corridors
Crypt:2:  layout_catacombs
Crypt:3:  due_elkab, layout_chaotic_city
Depths:1: layout_cave_pools, infiniplex_enter_wizlab_water, hell_entry,
          nicolae_ashenzari_skybound, due_unseen_surprise
Depths:2: minmay_expanding_circles, layout_honeycomb, enter_ziggurat_d,
          grunt_mini_vestibule, kennysheep_big_empty_room,
          rand_demon_pan_entry_1
Depths:3: minmay_isolated_rectangles_in_corner, layout_gridlike,
          minmay_room_of_horrors, hell_entry, serial_rivers,
          chequers_serial_rivers_marsh, chequers_serial_rivers_small_b,
          chequers_serial_rivers_marsh, chequers_serial_rivers_micro_b,
          chequers_serial_rivers_room_b, chei_slow_surprise,
          infiniplex_staircase_river
Depths:4: grunt_crosshair, layout_honeycomb, hell_entry, grunt_decor_junction,
          minmay_serpent_palace, uniq_boris, uniq_xtahua
Zot:1:    hellmonk_crystal_mountain, layout_misc_corridors, grunt_megastairs_5
Zot:2:    dreamdust_black_sun_cult, layout_cathedral_of_symmetry,
          hangedman_zot_decor_slant, uniq_grunn
Zot:3:    layout_basic, gammafunk_ghost_crypt, regret_index_zotdec_zees,
          st_stairs_2
Zot:4:    layout_onion_interference, regret_index_zotdec_storm_pass,
          nicolae_transporter_circle
Zot:5:    layout_onion

Notes
Turn   | Place    | Note
-------+----------+-------------------------------------------
     0 | D:1      | Drazool the Octopode Summoner began the quest for the Orb.
     0 | D:1      | Reached XP level 1. HP: 11/11 MP: 3/3
   218 | D:1      | Reached XP level 2. HP: 17/17 MP: 1/5
   300 | D:1      | Learned a level 2 spell: Call Imp
   855 | D:1      | Found a faded altar of an unknown god.
   954 | D:1      | Reached XP level 3. HP: 21/21 MP: 1/6
   958 | D:1      | Learned a level 3 spell: Call Canine Familiar
  1174 | D:2      | Reached skill level 5 in Summonings
  1465 | D:2      | Noticed a nameless horror
  1488 | D:2      | Killed a nameless horror
  1679 | D:2      | Noticed Sigmund
  1810 | D:2      | Killed Sigmund
  1811 | D:2      | Reached skill level 4 in Spellcasting
  1811 | D:2      | Reached skill level 3 in Stealth
  1811 | D:2      | Reached XP level 4. HP: 20/27 MP: 2/10
  1811 | D:2      | Reached XP level 5. HP: 23/31 MP: 2/11
  1892 | D:2      | Identified the +0 short sword of Income {chaos, Str+3}
  2215 | D:3      | Reached XP level 6. HP: 28/36 MP: 8/12
  2550 | D:3      | Found an opulent altar of Gozag.
  2551 | D:3      | Found Gozag's Platinum Reserve.
  2570 | D:3      | Reached skill level 6 in Summonings
  2582 | D:3      | Reached skill level 1 in Fighting
  2916 | D:3      | Reached skill level 2 in Fighting
  2921 | D:3      | Learned a level 4 spell: Summon Blazeheart Golem
  2976 | D:3      | Reached skill level 1 in Fire Magic
  3178 | D:3      | Reached skill level 2 in Fire Magic
  3643 | D:4      | Reached XP level 7. HP: 45/45 MP: 9/13
  3793 | D:4      | Reached skill level 3 in Fire Magic
  3813 | D:4      | Found a broken altar of Ashenzari.
  3919 | D:4      | Found Arubeptynk's Antique Armour Boutique.
  4251 | D:5      | Entered Level 5 of the Dungeon
  4316 | D:5      | Learned a level 2 spell: Blink
  4337 | D:5      | Found a staircase to the Ecumenical Temple.
  4347 | Temple   | Entered the Ecumenical Temple
  4357 | Temple   | Became a worshipper of Sif Muna the Loreminder
  4398 | D:5      | Reached skill level 1 in Translocations
  4422 | D:4      | Reached skill level 2 in Translocations
  4442 | D:4      | HP: 4/45 [poisoned by a killer bee]
  4606 | D:5      | Reached skill level 4 in Fire Magic
  5230 | D:5      | Reached skill level 5 in Fire Magic
  5230 | D:5      | Reached XP level 8. HP: 50/50 MP: 11/14
  5692 | D:6      | Reached skill level 6 in Fire Magic
  6131 | D:6      | Reached skill level 7 in Fire Magic
  6391 | D:6      | Reached skill level 8 in Fire Magic
  6488 | D:6      | Reached XP level 9. HP: 50/54 MP: 10/15
  6517 | D:6      | Reached skill level 9 in Fire Magic
  6961 | D:7      | Reached skill level 10 in Fire Magic
  7324 | D:7      | Reached * piety under Sif Muna
  7449 | D:7      | Noticed Pikel
  7465 | D:7      | Killed Pikel
  7466 | D:7      | Reached skill level 11 in Fire Magic
  7786 | D:8      | Found a staircase to the Lair.
  7805 | D:8      | Reached XP level 10. HP: 44/60 MP: 13/16
  8146 | D:8      | Learned a level 4 spell: Summon Lightning Spire
  8455 | D:8      | Reached skill level 3 in Fighting
  8661 | D:8      | Reached skill level 4 in Fighting
  8794 | D:8      | Identified the +1 hand axe of Insufficient Pleasure {flame,
                  | rPois Int+2 Dex+3}
  9105 | D:8      | Found Pismaer's Assorted Antiques.
  9113 | D:8      | Bought a scroll labelled OMEUMPI FONAREE for 29 gold pieces
  9113 | D:8      | Bought a scroll of teleportation for 87 gold pieces
  9381 | D:9      | Reached skill level 5 in Fighting
  9384 | D:9      | Reached skill level 1 in Invocations
  9406 | D:9      | Reached skill level 2 in Invocations
  9571 | D:9      | Reached ** piety under Sif Muna
  9572 | D:9      | Reached skill level 3 in Invocations
  9825 | D:9      | Reached skill level 1 in Air Magic
  9858 | D:9      | Reached skill level 2 in Air Magic
 10048 | D:9      | Found an iron altar of Okawaru.
 10073 | D:9      | Reached skill level 3 in Air Magic
 10161 | D:9      | Found a faded altar of an unknown god.
 10190 | D:9      | Found a hazy altar of Hepliaklqana.
 10190 | D:9      | Found a faded altar of an unknown god.
 10334 | D:10     | Entered Level 10 of the Dungeon
 10346 | D:9      | Reached skill level 4 in Air Magic
 10526 | D:10     | Noticed Erolcha
 11193 | D:10     | Reached skill level 5 in Air Magic
 11252 | D:10     | Found Roplix's Jewellery Boutique.
 11364 | D:10     | Found Qupuhenn's Distillery.
 11405 | D:10     | Reached skill level 6 in Air Magic
 11407 | D:10     | Reached XP level 11. HP: 24/71 MP: 2/17
 11492 | D:10     | Noticed a two-headed ogre
 11498 | D:10     | Killed a two-headed ogre
 11499 | D:10     | Reached skill level 5 in Spellcasting
 11582 | D:10     | Noticed avangion's ghost (journeyman DECj)
 11626 | D:10     | Found a runed translucent gate.
 11626 | D:10     | Found a runed translucent gate.
 11626 | D:10     | Found a runed translucent gate.
 11683 | D:10     | Killed Erolcha
 11684 | D:10     | Reached skill level 6 in Spellcasting
 11684 | D:10     | Reached skill level 3 in Dodging
 11781 | D:10     | Reached *** piety under Sif Muna
 12414 | Lair:1   | Entered Level 1 of the Lair of Beasts
 12423 | Lair:1   | Reached skill level 4 in Dodging
 12467 | Lair:1   | Reached skill level 4 in Invocations
 12484 | Lair:1   | Reached skill level 5 in Invocations
 12635 | Lair:1   | Reached skill level 6 in Invocations
 12877 | Lair:1   | Found a runed translucent door.
 12877 | Lair:1   | Noticed Imnulubo's ghost (novice TeFE)
 12888 | Lair:1   | Noticed Gastronok
 12939 | Lair:1   | Killed Gastronok
 12940 | Lair:1   | Reached skill level 7 in Invocations
 13055 | Lair:1   | Reached skill level 7 in Spellcasting
 13723 | Lair:1   | HP: 7/71 [electric eel/bolt of electricity (11)]
 14080 | Lair:2   | Reached skill level 8 in Spellcasting
 14081 | Lair:2   | Reached skill level 4 in Stealth
 14081 | Lair:2   | Reached XP level 12. HP: 62/77 MP: 20/24
 14098 | Lair:2   | Noticed a five-headed hydra
 14102 | Lair:2   | Reached skill level 6 in Fighting
 14104 | Lair:2   | Killed a five-headed hydra
 14189 | Lair:2   | Noticed an eleionoma
 14209 | Lair:2   | Killed an eleionoma
 14210 | Lair:2   | Reached skill level 7 in Fighting
 14406 | Lair:2   | Found a staircase to the Swamp.
 14450 | Lair:2   | Reached skill level 7 in Summonings
 14715 | Lair:2   | Noticed a four-headed hydra
 14724 | Lair:2   | Killed a four-headed hydra
 14725 | Lair:2   | Reached skill level 8 in Summonings
 14849 | Lair:2   | Learned a level 5 spell: Summon Mana Viper
 14877 | Lair:3   | Noticed a catoblepas
 14885 | Lair:3   | Reached skill level 1 in Hexes
 14885 | Lair:3   | Killed a catoblepas
 14886 | Lair:3   | Reached skill level 2 in Hexes
 14891 | Lair:3   | Noticed a skyshark
 14992 | Lair:3   | Reached skill level 3 in Hexes
 15069 | Lair:3   | Reached **** piety under Sif Muna
 15210 | Lair:3   | Reached skill level 4 in Hexes
 15283 | Lair:3   | Noticed a five-headed hydra
 15303 | Lair:3   | Killed a five-headed hydra
 15304 | Lair:3   | Reached skill level 5 in Hexes
 15316 | Lair:3   | Killed a skyshark
 15553 | Lair:3   | Reached skill level 9 in Summonings
 15565 | Lair:3   | Reached XP level 13. HP: 63/86 MP: 16/25
 16104 | Lair:4   | You fall into a shaft and drop 1 floor!
 16104 | Lair:5   | Entered Level 5 of the Lair of Beasts
 16124 | Lair:5   | Reached skill level 10 in Summonings
 16124 | Lair:5   | Reached skill level 1 in Shapeshifting
 16132 | Lair:5   | Reached skill level 2 in Shapeshifting
 16142 | Lair:5   | Reached skill level 3 in Shapeshifting
 16341 | Lair:5   | Reached skill level 4 in Shapeshifting
 16387 | Lair:5   | Reached skill level 5 in Dodging
 16642 | Lair:5   | Reached skill level 6 in Dodging
 17146 | Lair:4   | Reached skill level 11 in Summonings
 17361 | Lair:4   | Reached ***** piety under Sif Muna
 17547 | Lair:4   | Received a gift from Sif Muna
 17548 | Lair:4   | Got Sif Muna's Parchment of Cooperative Imprecation {god
                  | gift}
 17612 | Lair:4   | Learned a level 6 spell: Summon Cactus Giant
 17714 | Lair:4   | Found a staircase to the Slime Pits.
 17944 | Lair:4   | Reached skill level 12 in Summonings
 18298 | Lair:5   | Reached skill level 9 in Spellcasting
 18298 | Lair:5   | Reached XP level 14. HP: 92/92 MP: 22/27
 18864 | Lair:5   | Reached skill level 10 in Spellcasting
 18991 | Lair:5   | Found the +7 Spriggan's Knife {stab, EV+4 Stlth+}
 19565 | D:10     | Bought the amulet of Hiet {RegenMP ^Drain rElec rC++ Int+2}
                  | for 841 gold pieces
 19960 | Lair:2   | Found a staircase to the Snake Pit.
 20489 | D:10     | Killed avangion's ghost
 20490 | D:10     | Reached skill level 5 in Stealth
 20545 | D:10     | Got the ring "Siop" {Fire rElec rN+ Str+3 SInv}
 20810 | D:11     | Reached skill level 6 in Stealth
 20959 | D:11     | Reached skill level 5 in Shapeshifting
 21491 | D:10     | Bought a potion of haste for 100 gold pieces
 21491 | D:10     | Bought a potion of enlightenment for 50 gold pieces
 21491 | D:10     | Bought a potion of cancellation for 80 gold pieces
 21595 | D:12     | Noticed Kirke
 21606 | D:12     | Noticed a sphinx
 21649 | D:12     | Noticed a sphinx
 21662 | D:12     | Killed Kirke
 21663 | D:12     | Reached skill level 6 in Shapeshifting
 21886 | D:12     | Found a staircase to the Orcish Mines.
 22231 | D:12     | Received a gift from Sif Muna
 22590 | D:12     | Reached skill level 7 in Shapeshifting
 22682 | Orc:1    | Entered Level 1 of the Orcish Mines
 22807 | Orc:1    | Noticed a stone giant
 23032 | Orc:2    | Entered Level 2 of the Orcish Mines
 23237 | Orc:2    | Noticed Azrael
 23262 | Orc:2    | Killed Azrael
 23281 | Orc:2    | Reached skill level 8 in Shapeshifting
 23647 | Orc:2    | Learned a level 7 spell: Monstrous Menagerie
 23806 | Orc:2    | Noticed an orc warlord
 24180 | Orc:2    | Killed an orc warlord
 24180 | Orc:2    | Received a gift from Sif Muna
 24181 | Orc:2    | Got Sif Muna's Anthology of Amassed Despicable Magicks {god
                  | gift}
 24269 | Orc:2    | Found Wogiur's Antique Armour Shop.
 24274 | Orc:2    | Reached XP level 15. HP: 97/97 MP: 24/29
 24281 | Orc:2    | Reached skill level 9 in Shapeshifting
 24305 | Orc:2    | Found Noyt's General Store.
 24657 | Orc:2    | Reached skill level 10 in Shapeshifting
 25230 | Orc:2    | Identified the amulet of Democracy {*Corrode Will++ Regen+
                  | Dex+3 Slay+2}
 25429 | Orc:2    | Found a staircase to the Elven Halls.
 25525 | Orc:2    | Noticed Donald
 25540 | Orc:2    | Killed Donald
 25842 | Orc:2    | Noticed an orc warlord
 25860 | Orc:2    | Killed an orc warlord
 25949 | Orc:2    | Reached skill level 13 in Summonings
 26072 | Orc:2    | Found Irikor's Jewellery Boutique.
 26142 | Orc:2    | Found Hofrikyr's General Store.
 26204 | Orc:2    | Bought a potion of heal wounds for 80 gold pieces
 26380 | Orc:2    | Received a gift from Sif Muna
 26381 | Orc:2    | Got Sif Muna's Essays on Fulgent Soot {god gift}
 26826 | Orc:1    | Found a transporter.
 26919 | Orc:1    | Found a transporter.
 27174 | D:13     | Reached skill level 14 in Summonings
 27668 | D:13     | Found Keryawni's One-of-a-Kind Rings.
 27705 | D:13     | Reached skill level 11 in Spellcasting
 27998 | Orc:2    | Bought a scroll of acquirement for 624 gold pieces
 27998 | Orc:2    | Acquired 1047 gold pieces
 28159 | D:13     | Bought the ring "Ukosch" {Will+ Int+6} for 874 gold pieces
 28512 | D:14     | Found a gate to the Vaults.
 28569 | D:14     | Reached skill level 12 in Spellcasting
 28571 | D:14     | Reached skill level 1 in Unarmed Combat
 28589 | D:14     | Reached skill level 2 in Unarmed Combat
 28720 | D:14     | Found a large runed translucent door.
 28720 | D:14     | Found a large runed translucent door.
 28740 | D:14     | Reached skill level 3 in Unarmed Combat
 28740 | D:14     | Reached XP level 16. HP: 103/103 MP: 24/32
 28756 | D:14     | Received a gift from Sif Muna
 28757 | D:14     | Got Sif Muna's Incunabulum of Scintillating Stones {god
                  | gift}
 28829 | D:14     | Noticed Jaliuk's ghost (journeyman DECj)
 28873 | D:14     | Reached skill level 4 in Unarmed Combat
 28914 | D:14     | Reached skill level 5 in Unarmed Combat
 28914 | D:14     | Reached skill level 12 in Fire Magic
 29044 | D:14     | Reached skill level 8 in Fighting
 29926 | D:14     | Reached skill level 9 in Fighting
 29944 | D:14     | Identified the ring of Otuboim {rC- rCorr Int+6 Dex+4}
 30174 | D:15     | Entered Level 15 of the Dungeon
 30478 | D:15     | Learned a level 7 spell: Summon Hydra
 31143 | D:15     | Found a staircase to the Depths.
 31648 | Lair:1   | Killed Imnulubo's ghost
 31970 | D:14     | Identified a potion of resistance
 32166 | Snake:1  | Entered Level 1 of the Snake Pit
 32172 | Snake:1  | Reached skill level 13 in Spellcasting
 32214 | Snake:1  | Found a glowing golden altar of the Shining One.
 32407 | Snake:1  | Reached skill level 10 in Fighting
 32760 | Snake:1  | Received a gift from Sif Muna
 33124 | Snake:1  | Reached skill level 14 in Spellcasting
 33124 | Snake:1  | Reached XP level 17. HP: 115/115 MP: 35/35
 33537 | Snake:2  | You fall into a shaft and drop 1 floor!
 33610 | Snake:3  | Reached skill level 6 in Unarmed Combat
 33625 | Snake:3  | Reached skill level 7 in Unarmed Combat
 33838 | Snake:2  | Reached skill level 8 in Unarmed Combat
 34243 | Snake:2  | Reached skill level 6 in Hexes
 35764 | Snake:3  | Reached skill level 9 in Unarmed Combat
 36193 | Snake:3  | Received a gift from Sif Muna
 36194 | Snake:3  | Got Sif Muna's Quarto of the Wind and the Sun {god gift}
 36295 | Snake:3  | Reached skill level 10 in Unarmed Combat
 36323 | Snake:3  | Reached skill level 1 in Necromancy
 36534 | Snake:3  | Reached skill level 2 in Necromancy
 36688 | Snake:4  | Entered Level 4 of the Snake Pit
 36721 | Snake:4  | Reached skill level 7 in Dodging
 37263 | Snake:4  | Found an iron altar of Okawaru.
 37291 | Snake:4  | Reached skill level 8 in Dodging
 37332 | Snake:4  | Reached skill level 7 in Stealth
 37671 | Snake:4  | Reached skill level 8 in Invocations
 38053 | Snake:4  | Reached XP level 18. HP: 120/120 MP: 36/36
 38062 | Snake:4  | Learned a level 7 spell: Haunt
 38077 | Snake:4  | Received a gift from Sif Muna
 38078 | Snake:4  | Got Sif Muna's Vellum of Reconfiguration and Conjuring {god
                  | gift}
 38133 | Snake:4  | Reached skill level 9 in Invocations
 38651 | Snake:4  | Reached skill level 10 in Invocations
 38888 | Snake:4  | Reached skill level 3 in Necromancy
 38906 | Snake:4  | Reached skill level 4 in Necromancy
 39103 | Snake:4  | Reached skill level 5 in Necromancy
 39180 | Snake:4  | Reached skill level 6 in Necromancy
 39416 | Snake:4  | Reached skill level 7 in Necromancy
 39551 | Snake:4  | Got a serpentine rune of Zot
 39787 | Swamp:1  | Entered Level 1 of the Swamp
 39804 | Swamp:1  | Reached ****** piety under Sif Muna
 39869 | Swamp:1  | Found a glacial archway.
 39912 | IceCv    | Entered an ice cave
 40090 | IceCv    | Reached skill level 8 in Necromancy
 40593 | IceCv    | Reached skill level 9 in Necromancy
 40730 | IceCv    | Received a gift from Sif Muna
 41039 | IceCv    | Noticed an Ice Fiend
 41376 | IceCv    | Killed an Ice Fiend
 41677 | IceCv    | Identified the +7 plate armour of the Albatross {Regen+}
 41881 | Swamp:1  | Identified the serpent talisman "Motycs" {rElec}
 41881 | Swamp:1  | Noticed Aizul
 41915 | Swamp:1  | Reached skill level 10 in Necromancy
 42433 | Swamp:1  | Killed Aizul
 42815 | Swamp:2  | Reached skill level 11 in Necromancy
 43017 | Swamp:2  | Reached XP level 19. HP: 126/126 MP: 37/37
 43085 | Swamp:2  | Identified a +1 robe of resistance
 43894 | Swamp:3  | Received a gift from Sif Muna
 43895 | Swamp:3  | Got Sif Muna's Compendium of the Gathering {god gift}
 43930 | Swamp:3  | Reached skill level 12 in Necromancy
 44136 | Swamp:3  | Identified the +1 pair of boots of the Equator {rN+ SInv
                  | Stlth+}
 44427 | Swamp:4  | Entered Level 4 of the Swamp
 45983 | Swamp:4  | Reached skill level 15 in Spellcasting
 46034 | Swamp:3  | Received a gift from Sif Muna
 46567 | Swamp:4  | Found a basalt altar of Yredelemnul.
 46876 | Swamp:4  | Found a blossoming altar of Fedhas.
 46882 | Swamp:4  | Reached skill level 9 in Dodging
 46934 | Swamp:4  | Got a decaying rune of Zot
 47255 | Elf:1    | Entered Level 1 of the Elven Halls
 47948 | Elf:1    | Found a huge runed translucent gate.
 48053 | Elf:1    | Found a huge runed translucent gate.
 48054 | Elf:1    | Found a huge runed translucent gate.
 48055 | Elf:1    | Found a huge runed translucent gate.
 48056 | Elf:1    | Found a huge runed translucent gate.
 48060 | Elf:1    | Found a huge runed translucent gate.
 48060 | Elf:1    | Found a huge runed translucent gate.
 48060 | Elf:1    | Found a huge runed translucent gate.
 48060 | Elf:1    | Found a huge runed translucent gate.
 48060 | Elf:1    | Found a huge runed translucent gate.
 48060 | Elf:1    | Found a huge runed translucent gate.
 48061 | Elf:1    | Found a huge runed translucent gate.
 48061 | Elf:1    | Found a huge runed translucent gate.
 48061 | Elf:1    | Found a huge runed translucent gate.
 48061 | Elf:1    | Found a huge runed translucent gate.
 48061 | Elf:1    | Found a huge runed translucent gate.
 48061 | Elf:1    | Found a huge runed translucent gate.
 48061 | Elf:1    | Found a huge runed translucent gate.
 48061 | Elf:1    | Found a huge runed translucent gate.
 48062 | Elf:1    | Found a huge runed translucent gate.
 48293 | Elf:1    | Paralysed by an air elemental for 1 turns
 48487 | Elf:1    | Found Yrec's Self-Improvement Boutique.
 48521 | Elf:1    | Identified the +5 great sword of Agony {spect, rElec rN+++
                  | Str-2}
 49287 | Elf:1    | Reached skill level 15 in Summonings
 49698 | Elf:2    | Acquired 674 gold pieces
 49868 | D:13     | Bought a +9 ring of intelligence for 1404 gold pieces
 49997 | Elf:2    | Paralysed by an air elemental for 1 turns
 50261 | Elf:2    | Found Bigadeg's Antique Weapon Boutique.
 50489 | Elf:2    | Found a runed translucent gate.
 50490 | Elf:2    | Found a runed translucent gate.
 50490 | Elf:2    | Found a runed translucent gate.
 50778 | Elf:3    | Entered Level 3 of the Elven Halls
 51416 | Elf:3    | Reached XP level 20. HP: 132/132 MP: 37/39
 51642 | Elf:3    | Received a gift from Sif Muna
 51643 | Elf:3    | Got Sif Muna's Reference Book on the Earthen Boggart {god
                  | gift}
 52058 | Elf:3    | Reached skill level 16 in Summonings
 52386 | Elf:3    | Identified the +9 hand axe of Brutal Revenge {elec, rPois}
 52525 | Elf:3    | Reached skill level 10 in Dodging
 52875 | Elf:3    | Identified the amulet "Ymuttud" {Acrobat Int+4 Stlth+}
 53180 | Elf:3    | Identified the +6 halberd "Myicad" {drain, Str+4 Stlth-}
 53329 | Elf:3    | Reached skill level 11 in Fighting
 53857 | Vaults:1 | Entered Level 1 of the Vaults
 54146 | Vaults:1 | Reached skill level 12 in Fighting
 54161 | Vaults:1 | Reached skill level 11 in Unarmed Combat
 54384 | Vaults:1 | Received a gift from Sif Muna
 54385 | Vaults:1 | Got Sif Muna's Secrets of Dark Malisons {god gift}
 54696 | Vaults:1 | Reached skill level 12 in Unarmed Combat
 54835 | Vaults:1 | Found Xoelut Liex's Magic Scroll Boutique.
 55645 | Vaults:2 | Noticed Mara
 55649 | Vaults:2 | Noticed Drazool's illusion
 55750 | Vaults:2 | Noticed Drazool's illusion
 55762 | Vaults:2 | Killed Mara
 55763 | Vaults:2 | Reached skill level 11 in Invocations
 56238 | Vaults:2 | Reached skill level 12 in Invocations
 56297 | Vaults:2 | Reached skill level 1 in Evocations
 56336 | Vaults:2 | Reached skill level 2 in Evocations
 56562 | Vaults:2 | Reached skill level 3 in Evocations
 56562 | Vaults:2 | Reached XP level 21. HP: 143/143 MP: 40/40
 56606 | Vaults:2 | Reached skill level 4 in Evocations
 56618 | Vaults:2 | Reached skill level 5 in Evocations
 57039 | Vaults:2 | Found Qeh Hutu's Antique Weapon Emporium.
 57288 | Vaults:2 | Received a gift from Sif Muna
 57290 | Vaults:2 | Reached skill level 13 in Necromancy
 57290 | Vaults:2 | Got Sif Muna's Sophisticated Hermetics {god gift}
 57303 | Vaults:2 | Learned a level 5 spell: Borgnjor's Vile Clutch
 57945 | Vaults:2 | Reached skill level 13 in Unarmed Combat
 57947 | Vaults:2 | Identified the +2 plate armour of the Mantidfly {+Inv rElec
                  | Str+5 Dex-4}
 58116 | Vaults:2 | Found a staircase to the Crypt.
 58666 | Vaults:3 | Reached skill level 13 in Fighting
 59443 | Vaults:3 | Reached skill level 13 in Invocations
 60239 | Vaults:4 | Reached skill level 14 in Invocations
 60244 | Vaults:4 | Received a gift from Sif Muna
 60547 | Vaults:4 | Got Sif Muna's Handbook of Allied Stolen Souls {god gift}
 60728 | Vaults:4 | Noticed a dread lich
 60739 | Vaults:4 | Killed a dread lich
 60740 | Vaults:4 | Reached XP level 22. HP: 153/153 MP: 22/41
 61108 | Vaults:4 | Reached skill level 14 in Fighting
 61167 | Vaults:4 | Noticed Margery
 61187 | Vaults:4 | Killed Margery
 61196 | Vaults:4 | Killed the ghostly Margery
 61900 | Vaults:4 | Reached skill level 11 in Shapeshifting
 62183 | Vaults:4 | Identified the +9 mace of Fragile Peace {pain, Int+5
                  | Stlth+}
 62193 | Vaults:4 | Reached skill level 12 in Shapeshifting
 62617 | Vaults:4 | Upgraded the game from 0.31.0-4-g52a2dc7128 to
                  | 0.31.0-7-gf635a9b802
 62791 | Depths:1 | Entered Level 1 of the Depths
 62956 | Depths:1 | Found a gateway to Hell.
 62959 | Depths:1 | Acquired 910 gold pieces
 62965 | Depths:1 | Found a magical portal.
 62976 | WizLab   | Entered Doroklohe's Tomb
 63534 | WizLab   | Noticed a dread lich
 63564 | WizLab   | Killed a dread lich
 63576 | WizLab   | Reached skill level 13 in Shapeshifting
 63981 | WizLab   | Identified the +12 orcbow of the Dragonfly {flame, *Slow
                  | +Blink Int+4}
 64175 | Depths:1 | Received a gift from Sif Muna
 64248 | Depths:1 | Got Sif Muna's Quarto of Postmortem Inhalation {god gift}
 64277 | Depths:1 | Found a broken altar of Ashenzari.
 64643 | Depths:2 | Found a one-way gateway to a ziggurat.
 64986 | Depths:2 | Reached skill level 14 in Shapeshifting
 65214 | Depths:2 | Reached XP level 23. HP: 161/161 MP: 34/42
 65370 | Depths:2 | Found a runed translucent door.
 65519 | Depths:2 | Noticed a juggernaut
 65522 | Depths:2 | Found a runed translucent door.
 66025 | Depths:2 | Found a one-way gate leading to the halls of Pandemonium.
 66195 | Depths:2 | Learned a level 8 spell: Summon Horrible Things
 66588 | Depths:2 | Killed a juggernaut
 66721 | Depths:2 | Noticed a golden dragon
 67219 | Depths:3 | Noticed a golden dragon
 67265 | Depths:3 | Reached skill level 17 in Summonings
 67315 | Depths:3 | Killed a golden dragon
 68284 | Depths:3 | Found a one-way gate to the infinite horrors of the Abyss.
 68317 | Depths:3 | You fall into a shaft and drop 1 floor!
 68317 | Depths:4 | Entered Level 4 of the Depths
 68364 | Depths:4 | Noticed Xtahua
 68371 | Depths:4 | Killed Xtahua
 68645 | Depths:3 | Found a snail-covered altar of Cheibriados.
 68829 | Depths:3 | Reached skill level 18 in Summonings
 69200 | Depths:4 | Noticed a golden dragon
 69205 | Depths:4 | Killed a golden dragon
 69361 | Depths:4 | Found a gate to the Realm of Zot.
 69374 | Depths:4 | Noticed a golden dragon
 69382 | Depths:4 | Killed a golden dragon
 69534 | Depths:4 | Received a gift from Sif Muna
 69535 | Depths:4 | Got Maipip's Directory of Productive Austromancy {god gift}
 69547 | Depths:4 | Reached skill level 19 in Summonings
 69813 | Depths:4 | Noticed Boris
 69822 | Depths:4 | Killed Boris
 70462 | Depths:4 | Reached XP level 24. HP: 167/167 MP: 39/42
 70894 | Depths:4 | Reached skill level 20 in Summonings
 71673 | Crypt:1  | Entered Level 1 of the Crypt
 71673 | Crypt:1  | Noticed Boris
 71687 | Vaults:2 | Killed Boris
 72184 | Crypt:1  | Identified the +2 flail "Yxium" {venom, *Rage rElec rPois
                  | rC++}
 72332 | Crypt:1  | Noticed a curse skull
 72339 | Crypt:1  | Killed a curse skull
 73182 | Crypt:2  | Reached skill level 16 in Spellcasting
 73189 | Crypt:2  | Received a gift from Sif Muna
 73190 | Crypt:2  | Got Sif Muna's Atlas of the Scorching Gang {god gift}
 73991 | Crypt:2  | Learned a level 9 spell: Dragon's Call
 74594 | Crypt:3  | Entered Level 3 of the Crypt
 74647 | Crypt:3  | Reached skill level 17 in Spellcasting
 75046 | Crypt:3  | Noticed a curse toe
 75054 | Crypt:3  | Killed a curse toe
 75149 | Crypt:3  | Reached skill level 21 in Summonings
 75431 | Crypt:3  | Received a gift from Sif Muna
 75432 | Crypt:3  | Got Zoiteoce's Folio of Macabre Malisons {god gift}
 75541 | Crypt:3  | Reached XP level 25. HP: 172/172 MP: 44/44
 75585 | Crypt:3  | Found a staircase to the Tomb.
 75704 | Crypt:3  | Noticed a curse skull
 75711 | Crypt:3  | Killed a curse skull
 76662 | Crypt:3  | Identified the ring of Qeegh {rPois rN+ rCorr Str-5 Int+8}
 76662 | Crypt:3  | Identified the amulet "Qeub" {Fly rPois rF- rN++ Regen+}
 76662 | Crypt:3  | Identified the ring "Oqelaf" {rC- rN+ Int+3 SInv}
 76802 | Crypt:3  | Noticed an ancient lich
 76807 | Crypt:3  | Killed an ancient lich
 76808 | Crypt:3  | Reached skill level 22 in Summonings
 76820 | Crypt:3  | Identified the +1 crystal plate armour "Vonualym" {rF+ SInv
                  | Stlth+}
 76866 | Crypt:3  | Identified the +10 spear "Drazool's Foe" {antimagic, rC+
                  | Will- rCorr Int+4}
 77026 | Vaults:5 | Entered Level 5 of the Vaults
 77130 | Vaults:5 | Reached skill level 23 in Summonings
 77560 | Vaults:5 | Received a gift from Sif Muna
 77575 | Vaults:5 | Noticed an ancient lich
 77583 | Vaults:5 | Killed an ancient lich
 77655 | Vaults:5 | Got Roesecodd's Incunable of Frigorific Chrysopoeia {god
                  | gift}
 77700 | Vaults:5 | Reached skill level 24 in Summonings
 78014 | Vaults:5 | Reached XP level 26. HP: 179/179 MP: 11/44
 78627 | Vaults:5 | Identified the amulet of Jeisom {Spirit ^Drain +Blink
                  | Stlth+}
 78685 | Vaults:5 | Got a silver rune of Zot
 78777 | Vaults:5 | Reached skill level 25 in Summonings
 79215 | Vaults:5 | Identified the ring of the Final Hells {Fly rF+ SInv
                  | Stlth-}
 79392 | D:13     | Bought the ring "Nyuwyuraa" {rC+ Str+5 Dex+6} for 1089 gold
                  | pieces
 79632 | Vaults:5 | Identified the staff "Xenuno" {rF+ rN+ Fire}
 79657 | Vaults:5 | Found the +3 giant club "Skullcrusher" {speed, Str+7}
 79665 | Vaults:5 | Identified the staff of the Last Leylines {rElec rF+ Summ
                  | Tloc Air}
 80130 | Zot:1    | Entered Level 1 of the Realm of Zot
 80130 | Zot:1    | Noticed a dread lich
 80140 | Depths:4 | Reached skill level 15 in Shapeshifting
 80212 | Zot:1    | Killed a dread lich
 80223 | Zot:1    | Noticed an ancient lich
 80236 | Zot:1    | Killed an ancient lich
 80460 | Zot:1    | Noticed a dread lich
 80467 | Zot:1    | Killed a dread lich
 80670 | Zot:1    | Noticed an electric golem
 80679 | Zot:1    | Killed an electric golem
 80843 | Zot:1    | Received a gift from Sif Muna
 80846 | Zot:1    | Got Sif Muna's Second Course in Casting {god gift}
 80870 | Zot:1    | Reached skill level 16 in Shapeshifting
 81071 | Zot:1    | Reached skill level 14 in Unarmed Combat
 81527 | Zot:2    | Noticed an orb of fire
 81715 | Zot:2    | Killed an orb of fire
 81819 | Zot:2    | Identified the +0 mace "Zoiladgh" {flame, *Noise rElec rF++
                  | Dex+3}
 82262 | D:13     | Bought the ring "Tuoxuuf" {rPois EV+8} for 1605 gold pieces
 82483 | Zot:2    | Reached skill level 15 in Unarmed Combat
 82722 | Zot:2    | Noticed Grunn
 82730 | Zot:2    | Killed Grunn
 82738 | Zot:2    | Reached skill level 17 in Shapeshifting
 82742 | Zot:2    | Noticed an electric golem
 82756 | Zot:2    | Killed an electric golem
 82766 | Zot:2    | Reached XP level 27. HP: 184/184 MP: 18/44
 83554 | Zot:3    | Reached skill level 16 in Unarmed Combat
 83850 | Zot:3    | Found a runed translucent gate.
 83851 | Zot:3    | Found a runed translucent gate.
 83852 | Zot:3    | Found an ancient bone altar of Kikubaaqudgha.
 83852 | Zot:3    | Found a runed translucent gate.
 83854 | Zot:3    | Noticed a dread lich
 83855 | Zot:3    | Noticed SnakkuSnakku7's ghost (master TrEn)
 83855 | Zot:3    | Noticed an ancient lich
 83855 | Zot:3    | Noticed a dread lich
 83855 | Zot:3    | Noticed a dread lich
 83878 | Zot:3    | Noticed a curse toe
 83891 | Zot:3    | Killed a curse toe
 84263 | Zot:4    | Noticed a curse toe
 85109 | Zot:4    | Killed a curse toe
 85110 | Zot:4    | Reached skill level 17 in Unarmed Combat
 85146 | Zot:4    | Found a transporter.
 85176 | Zot:4    | Found a stormy altar of Qazlal.
 85225 | Zot:4    | Noticed a curse toe
 85230 | Zot:4    | Killed a curse toe
 85590 | Zot:4    | Found a transporter.
 85612 | Zot:4    | Found a transporter.
 85772 | Zot:4    | Found a transporter.
 85804 | Zot:5    | Entered Level 5 of the Realm of Zot
 85910 | Zot:5    | Received a gift from Sif Muna
 85918 | Zot:5    | Reached skill level 18 in Shapeshifting
 86408 | Zot:5    | Noticed an orb of fire
 86420 | Zot:5    | Killed an orb of fire
 86421 | Zot:5    | Reached skill level 18 in Unarmed Combat
 86657 | Zot:5    | Noticed an orb of fire
 86657 | Zot:5    | Noticed a dread lich
 86665 | Zot:5    | Gained mutation: You are weak. (Str -2) [an orb of fire]
 86846 | Zot:5    | Noticed an electric golem
 86864 | Zot:5    | Killed a dread lich
 86868 | Zot:5    | Killed an orb of fire
 86909 | Zot:5    | Killed an electric golem
 87046 | Zot:5    | Reached skill level 19 in Unarmed Combat
 87086 | Zot:5    | Noticed a dread lich
 87095 | Zot:5    | Killed a dread lich
 87103 | Zot:5    | Noticed an ancient lich
 87106 | Zot:5    | Noticed an orb of fire
 87120 | Zot:5    | Noticed an orb of fire
 87150 | Zot:5    | Killed an orb of fire
 87208 | Zot:5    | Killed an ancient lich
 87383 | Zot:5    | Noticed an orb of fire
 87390 | Zot:5    | Gained mutation: Your magical capacity is low. (-10% MP)
                  | [an orb of fire]
 87392 | Zot:5    | Gained mutation: You passively map a small area around you.
                  | [an orb of fire]
 87394 | Zot:5    | Killed an orb of fire
 87403 | Zot:5    | Noticed an electric golem
 87414 | Zot:5    | Killed an electric golem
 87562 | Zot:5    | Lost mutation: You are weak. (Str -2) [potion of mutation]
 87562 | Zot:5    | Lost mutation: Your magical capacity is low. (-10% MP)
                  | [potion of mutation]
 87562 | Zot:5    | Lost mutation: You passively map a small area around you.
                  | [potion of mutation]
 87562 | Zot:5    | Gained mutation: Your spells are a little harder to cast,
                  | but a little more powerful. [potion of mutation]
 87562 | Zot:5    | Gained mutation: You are partially covered in iridescent
                  | scales. (AC +2) [potion of mutation]
 87562 | Zot:5    | Gained mutation: One of your tentacles bears a spike.
                  | [potion of mutation]
 87580 | Zot:5    | Killed an orb of fire
 87591 | Zot:5    | Reached skill level 19 in Shapeshifting
 87602 | Zot:5    | Got the Orb of Zot
 87797 | Depths:3 | Noticed Boris
 87807 | Depths:3 | Killed Boris
 87808 | Depths:3 | Reached skill level 20 in Unarmed Combat
 88020 | D:8      | Noticed Mebereuw the pandemonium lord
 88145 | D:$      | Escaped with the Orb!

Vanquished Creatures
  2 orbs of fire (Zot:5)
  2 dread liches
  Boris (Depths:3)
  A Killer Klown (Zot:5)
  2 curse toes (Zot:4)
  2 golden dragons (Depths:4)
  A doom hound (Zot:2)
  An electric golem (Zot:1)
  A tentacled monstrosity (Vaults:5)
  An Ice Fiend (Zot:1)
  3 Orb Guardians (Zot:5)
  A titan (Vaults:5)
  A sphinx (Vaults:4)
  2 ancient champions
  2 death cobs (Zot:2)
  3 storm dragons
  3 shadow dragons
  Gastronok (Lair:1)
  A draconian shifter (Zot:3)
  2 draconian knights (Zot:2)
  4 vault wardens
  A ghost moth (Depths:4)
  A draconian scorcher (Zot:2)
  An orc warlord (Orc:2)
  A formless jellyfish (Vaults:3)
  A draconian annihilator (Zot:3)
  A caustic shrike skeleton (Crypt:3)
  An ironbound preserver (Vaults:4)
  A juggernaut skeleton (Crypt:3)
  An ironbound thunderhulk (Vaults:2)
  A deep elf demonologist (Elf:3)
  A red draconian (Zot:2)
  2 green draconians
  A bunyip (Swamp:1)
  3 white draconians (Zot:3)
  An ettin (Vaults:4)
  A yaktaur captain (Vaults:1)
  An entropy weaver (Vaults:3)
  3 jiangshi
  11 hydras
  3 great orbs of eyes
  A sphinx zombie (WizLab)
  24 vault guards (Vaults:5)
  Erolcha (D:10)
  A hell beast (Depths:2)
  An ice dragon (Depths:3)
  4 centaur warriors
  2 spriggan skeletons (Crypt:3)
  2 two-headed ogres
  A boulder beetle (D:12)
  A naga warrior (Depths:4)
  A death yak (Lair:5)
  A deep troll shaman (Lair:5)
  2 vampire magi
  A naga sharpshooter (Snake:3)
  3 shock serpents
  A skeletal warrior (Crypt:3)
  A soul eater (Crypt:1)
  A salamander mystic (Snake:4)
  A storm dragon zombie (WizLab)
  A sea snake (Depths:4)
  A skyshark (Lair:5)
  A spriggan druid (Swamp:4)
  2 mana vipers
  A deep troll (Vaults:2)
  A lindwurm (Vaults:3)
  An ironbound convoker (Vaults:4)
  An orc knight (Orc:2)
  2 phantasmal warriors
  Pikel (D:7)
  3 deep elf pyromancers
  2 deep elf zephyrmancers (Elf:1)
  2 ugly things (Vaults:4)
  2 cyclopes
  A manticore (D:14)
  6 black mambas
  8 elephants
  7 moths of wrath
  A meliai (D:14)
  A kobold blastminer (Orc:2)
  A guardian serpent (Snake:4)
  An orange demon (D:13)
  5 cane toads
  An unseen horror (Depths:3)
  2 spriggan zombies
  A freezing wraith (Vaults:5)
  3 komodo dragons
  3 rime drakes
  2 yaktaurs (Vaults:1)
  An unseen horror skeleton (Crypt:1)
  2 ice devils (IceCv)
  2 hornets (D:9)
  2 blink frogs
  5 dream sheep
  A slime creature (Vaults:4)
  36 yaks
  A yak (shapeshifter) (Vaults:4)
  2 water elementals
  A shadow (D:9)
  A vampire (D:14)
  A fire elemental (Elf:1)
  12 nameless horrors
  A wraith (D:11)
  A hog (D:12)
  A wyvern (Lair:3)
  8 humans
  An unseen horror simulacrum (D:10)
  2 redbacks
  8 vampire mosquitoes
  A harpy simulacrum (IceCv)
  A steam dragon (D:10)
  2 nagas
  2 swamp worms (Swamp:2)
  An acid dragon (D:14)
  9 water moccasins
  A naga skeleton (Crypt:3)
  5 orc warriors
  An ice beast (D:6)
  A sky beast (D:7)
  7 wolves
  3 lemures (D:7)
  A centaur (D:6)
  3 kobold brigands
  A gnoll sergeant (D:8)
  2 wights
  5 killer bees
  3 electric eels (Lair:1)
  4 howler monkeys (D:9)
  An orc priest (D:8)
  A sleepcap (D:6)
  A bullfrog skeleton (Crypt:2)
  An iguana (D:5)
  3 orc wizards
  A hound zombie (Crypt:1)
  A gnoll (D:6)
  15 orcs
  An endoplasm (Lair:4)
  A giant cockroach (D:1)
  2 hobgoblins (D:2)
  A ball python (D:2)
  3 bats
  5 kobolds
367 creatures vanquished.

Vanquished Creatures (collateral kills)
  4 dread liches
  4 ancient liches
  4 orbs of fire
  Mara (Vaults:2)
  A juggernaut (Depths:2)
  Boris (twice) (Depths:4 Vaults:2)
  Xtahua (Depths:4)
  4 Killer Klowns (Zot:5)
  Margery (Vaults:4)
  8 golden dragons
  2 curse toes
  A bone dragon (Depths:2)
  2 doom hounds (Zot:2)
  An Ice Fiend (IceCv)
  3 electric golems
  15 tentacled monstrosities
  Grunn (Zot:2)
  6 liches
  18 Orb Guardians (Zot:5)
  16 quicksilver dragons
  A searing wretch (Vaults:4)
  2 deep elf master archers (Elf:3)
  2 deep elf blademasters (Elf:3)
  4 titans (Vaults:5)
  6 sphinxes
  2 thorn hunters (Swamp:4)
  8 ancient champions
  10 death cobs
  13 shadow dragons
  Aizul (Swamp:1)
  5 tengu reavers
  Kirke (D:12)
  16 storm dragons
  3 revenants
  4 draconian monks
  12 fire giants
  7 nagarajas
  2 daevas
  6 draconian knights
  Donald (Orc:2)
  2 fenstrider witches (Swamp:1)
  10 frost giants
  8 draconian scorchers
  An iron dragon (Depths:2)
  8 deep elf sorcerers
  5 draconian shifters
  A ghost moth (Zot:2)
  13 vault wardens
  2 curse skulls
  2 orc warlords
  A deep elf elementalist (Elf:1)
  4 draconian stormcallers
  A reaper (Crypt:3)
  7 very ugly things
  20 ironbound preservers
  6 ghouls
  13 stone giants
  2 formless jellyfish
  2 draconian annihilators
  10 ironbound thunderhulks
  A rockslime zombie (Crypt:3)
  9 green draconians
  8 caustic shrike skeletons
  5 vampire knights
  12 deep elf death magi
  4 deep elf demonologists
  4 deep elf annihilators (Elf:3)
  10 black draconians
  6 red draconians
  4 demonspawn black suns (Zot:2)
  3 war gargoyles
  8 yellow draconians
  2 purple draconians
  6 eleionomae
  2 spark wasps (Depths:4)
  8 white draconians
  Azrael (Orc:2)
  8 eidola
  3 dire elephants (Vaults:1)
  4 bunyips
  2 mummy priests (WizLab)
  A blizzard demon (Depths:2)
  10 ettins
  15 jiangshi
  A merfolk javelineer (Depths:3)
  5 entropy weavers
  A quicksilver dragon zombie (Crypt:2)
  3 fire dragons
  A deep elf high priest (Elf:3)
  10 yaktaur captains
  4 shambling mangroves (Swamp:4)
  9 great orbs of eyes
  3 rakshasas
  2 spriggan skeletons (Crypt:3)
  13 ironbound frosthearts
  4 salamander tyrants (Snake:4)
  13 anacondas
  8 alligators
  A peacekeeper (Vaults:4)
  5 spriggan air magi
  A ghost crab (Swamp:4)
  3 ice dragons
  11 vault guards
  12 centaur warriors
  3 ogre magi
  4 death knights
  11 hydras
  22 naga warriors
  15 two-headed ogres
  3 catoblepae
  4 boulder beetles
  A fenstrider witch skeleton (Crypt:2)
  4 deep troll shamans (Depths:4)
  2 death yaks (Lair:5)
  3 spriggan berserkers
  9 tengu warriors
  5 deep troll earth magi
  5 vampire magi
  The ghost of avangion the Eclecticist, a journeyman DECj of Vehumet (D:10)
  A soul eater (D:7)
  9 dancing weapons
  4 orc high priests (Orc:2)
  A hell hog (Depths:2)
  10 naga sharpshooters
  The ghost of Imnulubo the Destroyer, a novice TeFE of Vehumet (Lair:1)
  3 titan skeletons (Crypt:3)
  An occultist (Depths:1)
  7 shock serpents
  9 deep elf knights
  6 hell knights
  4 iron trolls
  A golden dragon zombie (WizLab)
  A skyshark (Lair:3)
  A sixfirhy (Depths:2)
  63 deep trolls
  A death drake (Swamp:4)
  4 flayed ghosts
  A fire crab (D:14)
  A goliath frog (Swamp:2)
  8 salamander mystics
  12 mana vipers
  21 skeletal warriors
  3 sea snakes (Depths:4)
  A sea snake (shapeshifter) (Vaults:5)
  4 spriggan druids
  2 spark wasp zombies (WizLab)
  A storm dragon skeleton (Crypt:3)
  A glowing orange brain (Vaults:4)
  8 deep elf archers
  8 naga ritualists
  15 arcanists
  An obsidian statue (IceCv)
  3 spectral hydras (Swamp:4)
  13 ironbound convokers
  10 spriggan simulacra
  2 lindwurms (shapeshifter)
  An iron giant skeleton (Crypt:2)
  A tengu zombie (Depths:1)
  5 bog bodies
  A shadow dragon zombie (Crypt:1)
  2 anaconda skeletons
  18 deep elf zephyrmancers
  16 phantasmal warriors
  A shadow dragon skeleton (Crypt:3)
  8 swamp dragons
  13 lindwurms
  5 harpies (Vaults:3)
  9 orc knights
  A death drake (shapeshifter) (Depths:4)
  3 oklob plants (Swamp:4)
  3 necromancers
  27 ugly things
  4 fire giant zombies (WizLab)
  6 cyclopes
  2 shining eyes (shapeshifter) (Vaults:5)
  A human zombie (WizLab)
  15 deep elf pyromancers
  A faun (shapeshifter) (Vaults:5)
  2 stone giant zombies (WizLab)
  3 will-o-the-wisps
  4 orc sorcerers (Orc:2)
  4 kobold blastminers
  A stone giant skeleton (Crypt:3)
  25 salamanders
  5 manticores
  A meliai (D:14)
  A meliai (shapeshifter) (D:13)
  15 moths of wrath
  3 elephants
  A frost giant skeleton (Depths:1)
  22 vault sentinels
  42 black mambas
  8 guardian serpents
  28 naga magi
  An ice statue (Swamp:1)
  An orange demon (Zot:3)
  An eye of devastation (shapeshifter) (Vaults:5)
  4 unseen horrors
  3 large abominations (Depths:3)
  A gargoyle (D:12)
  A pale draconian zombie (Crypt:1)
  A cane toad (shapeshifter) (Elf:3)
  A steelbarb worm zombie (Crypt:2)
  2 centaur skeletons (Crypt:3)
  3 cane toads
  A yaktaur zombie (WizLab)
  A red draconian zombie (Crypt:2)
  3 komodo dragons
  12 yaktaurs
  4 tengu conjurers
  7 freezing wraiths
  A spriggan zombie (WizLab)
  7 ice devils (IceCv)
  2 efreet (D:14)
  A guardian mummy (WizLab)
  A tormentor (Depths:2)
  An iron troll zombie (Crypt:2)
  A kobold demonologist (D:13)
  A purple draconian skeleton (Crypt:2)
  3 golden dragon simulacra (IceCv)
  An orb spider zombie (Crypt:3)
  A hydra zombie (Swamp:4)
  A sun moth zombie (Crypt:3)
  10 trolls
  18 hornets
  2 polar bears (Lair:5)
  A hornet (shapeshifter) (Vaults:5)
  A polar bear (shapeshifter) (Vaults:5)
  9 tyrant leeches
  2 alligator simulacra (IceCv)
  15 blink frogs
  A glass eye (Depths:1)
  4 dream sheep
  A glass eye (shapeshifter) (Depths:4)
  3 air elementals
  2 centaur simulacra (D:10)
  A fire dragon skeleton (Crypt:1)
  3 hydra skeletons (Swamp:4)
  A dire elephant simulacrum (IceCv)
  Sigmund (D:2)
  2 culicivoras (shapeshifter)
  6 slime creatures
  12 yaks
  A spriggan (shapeshifter) (D:14)
  2 wyverns
  10 spriggans
  A basilisk (D:14)
  7 water elementals
  4 wraiths
  A shadow (D:12)
  7 fire elementals
  A ynoxinul (Depths:2)
  6 hogs (D:12)
  2 redbacks (Vaults:2)
  6 wargs
  A steam dragon (D:6)
  10 humans (D:14)
  9 vampire mosquitoes
  3 small abominations (Depths:3)
  A harpy simulacrum (IceCv)
  13 minotaur simulacra (IceCv)
  3 chaos spawn (Depths:3)
  39 nagas
  5 water moccasins
  A glowing shapeshifter zombie (Depths:1)
  14 swamp worms
  4 hydra simulacra
  A hell hound (Orc:2)
  7 swamp drakes
  2 swamp dragon zombies (Swamp:4)
  A meliai simulacrum (D:10)
  3 black bears
  6 ice beasts
  42 orc warriors
  A sky beast (shapeshifter) (D:14)
  14 ogres
  14 laughing skulls
  A boggart (D:14)
  9 centaurs
  7 wolves (Lair:5)
  An elephant skeleton (Crypt:1)
  A torpor snail zombie (Crypt:3)
  A lindwurm skeleton (Crypt:2)
  A lemure (D:7)
  A phantom (D:6)
  5 kobold brigands
  12 bullfrogs
  A necrophage (Crypt:2)
  8 deep troll simulacra (IceCv)
  An elf skeleton (Crypt:2)
  3 scorpions
  An earth elemental (Elf:2)
  27 wights
  A cyclops skeleton (Crypt:1)
  9 killer bees
  A lindwurm simulacrum (IceCv)
  A yak skeleton (Crypt:1)
  4 howler monkeys
  A basilisk zombie (Crypt:3)
  A centaur zombie (Crypt:3)
  3 lava snakes (Lair:2)
  2 bombardier beetles
  5 jellies
  36 orc priests
  2 hounds
  3 iguanas
  24 orc wizards
  An ogre zombie (Crypt:2)
  10 nameless horrors
  An acid dragon zombie (Crypt:3)
  An ogre skeleton (Crypt:2)
  2 tengu skeletons
  A hound zombie (Crypt:3)
  6 adders
  3 gnolls (D:8)
  3 white imps
  3 dart slugs
  107 orcs
  10 ball pythons
  11 endoplasms
  2 giant cockroaches
  5 goblins
  7 hobgoblins
  3 jackals (D:3)
  29 kobolds
  A quokka (D:4)
  4 bats
  3 frilled lizards
  7 rats
2005 creatures vanquished.

Vanquished Creatures (others)
  A quicksilver dragon (Zot:4)
  A fire giant (Depths:2)
  A purple draconian (Zot:2)
  2 moths of wrath (Zot:2)
  An unseen horror (Depths:3)
  A bloated husk (Swamp:2)
  A centaur simulacrum (D:14)
  A basilisk (D:14)
  A nameless horror (Snake:4)
  A small abomination (Depths:3)
  An electric eel (D:14)
  An orc wizard (D:8)
  An orc (Orc:2)
  127 blazeheart cores
  6 foxfires
147 creatures vanquished.

Grand Total: 2519 creatures vanquished

Table legend: (Time is in decaauts)
 A = Elapsed time spent in this place.
 B = Non-inter-level travel time spent in this place.
 C = Inter-level travel time spent in this place.
 D = Time resting spent in this place.
 E = Time spent auto-exploring this place.
 F = Levels seen in this place.
 G = Mean time per level.
                   A        B        C        D        E       F      G
               +--------+--------+--------+--------+--------+-----+--------+
         Total |  88094 |  80573 |   7521 |  19781 |  40410 |  53 | 1662.2 |
       Dungeon |  21058 |  18371 |   2687 |   3291 |  10455 |  15 | 1403.9 |
        Temple |     20 |      1 |     19 |      0 |      0 |   1 |   20.0 |
          Lair |   8182 |   7483 |    699 |   1477 |   4214 |   5 | 1636.4 |
         Swamp |   5505 |   5200 |    305 |   1585 |   2362 |   4 | 1376.2 |
     Snake Pit |   7569 |   7217 |    352 |   2581 |   2920 |   4 | 1892.2 |
  Orcish Mines |   4865 |   4161 |    704 |   1263 |   1789 |   2 | 2432.5 |
   Elven Halls |   5718 |   5209 |    509 |   1776 |   2254 |   3 | 1906.0 |
        Vaults |  11954 |  11017 |    937 |   2642 |   5299 |   5 | 2390.8 |
         Crypt |   5101 |   4870 |    231 |    460 |   3170 |   3 | 1700.3 |
        Depths |   8098 |   7553 |    545 |   1463 |   4231 |   4 | 2024.5 |
           Zot |   7153 |   6624 |    529 |   1811 |   3187 |   5 | 1430.6 |
      Ice Cave |   1801 |   1801 |      0 |    923 |    503 |   1 | 1801.0 |
        Wizlab |   1065 |   1065 |      0 |    508 |     26 |   1 | 1065.0 |
               +--------+--------+--------+--------+--------+-----+--------+

Top non-repeatable levels by time:
   Orc:2: 4019 daAuts
 Snake:4: 2978 daAuts
Depths:4: 2900 daAuts
Vaults:2: 2817 daAuts
Vaults:5: 2463 daAuts
Vaults:4: 2344 daAuts
 Crypt:3: 2335 daAuts
Depths:2: 2287 daAuts
Vaults:3: 2279 daAuts
 Swamp:4: 2224 daAuts
   Elf:2: 2155 daAuts
Depths:3: 2092 daAuts
Vaults:1: 2049 daAuts
  Lair:5: 2007 daAuts
    D:14: 1983 daAuts

Table legend:
 A = Non-vault XP
 B = Vault XP
 C = Vault XP percentage of total XP
 D = Non-vault monster count
 E = Vault monster count
 F = Vault count percentage of total count
                 A         B        C        D         E       F
            +---------+---------+-------+---------+---------+-------
      Total |  733807 |  725771 |  49.7 |    1349 |     996 |  42.5
            +---------+---------+-------+---------+---------+-------
        D:1 |      38 |       0 |   0.0 |      21 |       0 |   0.0
        D:2 |      33 |     226 |  87.3 |      15 |       1 |   6.2
        D:3 |     287 |       0 |   0.0 |      31 |       0 |   0.0
        D:4 |     264 |       0 |   0.0 |      26 |       0 |   0.0
        D:5 |     402 |       0 |   0.0 |      12 |       0 |   0.0
        D:6 |     820 |     642 |  43.9 |      10 |      10 |  50.0
        D:7 |    1241 |     607 |  32.8 |      20 |       1 |   4.8
        D:8 |    1043 |       0 |   0.0 |      25 |       0 |   0.0
        D:9 |    2013 |     384 |  16.0 |      31 |       2 |   6.1
       D:10 |    2703 |    2808 |  51.0 |      32 |      12 |  27.3
       D:11 |    4271 |       0 |   0.0 |      20 |       0 |   0.0
       D:12 |    4033 |    3632 |  47.4 |      27 |      26 |  49.1
       D:13 |    7539 |       0 |   0.0 |      16 |       0 |   0.0
       D:14 |    3955 |   27358 |  87.4 |      10 |      60 |  85.7
       D:15 |    8057 |    2902 |  26.5 |      16 |       3 |  15.8
     Lair:1 |    4140 |    2210 |  34.8 |      19 |       2 |   9.5
     Lair:2 |    7300 |    1650 |  18.4 |      29 |       5 |  14.7
     Lair:3 |    7911 |       0 |   0.0 |      21 |       0 |   0.0
     Lair:4 |    9432 |     182 |   1.9 |      32 |       8 |  20.0
     Lair:5 |   11682 |    8483 |  42.1 |      39 |      19 |  32.8
    Swamp:1 |   14420 |    1849 |  11.4 |      27 |       2 |   6.9
    Swamp:2 |   14229 |       0 |   0.0 |      28 |       0 |   0.0
    Swamp:3 |    5346 |       0 |   0.0 |      12 |       0 |   0.0
    Swamp:4 |   15849 |   20957 |  56.9 |      32 |      37 |  53.6
    Snake:1 |   17789 |    5761 |  24.5 |      38 |      11 |  22.4
    Snake:2 |   11942 |    1285 |   9.7 |      26 |       2 |   7.1
    Snake:3 |   21216 |    5691 |  21.2 |      44 |      10 |  18.5
    Snake:4 |   18138 |   35403 |  66.1 |      36 |      53 |  59.6
      Orc:1 |    2675 |      24 |   0.9 |      30 |       8 |  21.1
      Orc:2 |       0 |   28941 | 100.0 |       0 |     153 | 100.0
      Elf:1 |   11017 |    7778 |  41.4 |      21 |      11 |  34.4
      Elf:2 |    5751 |    2454 |  29.9 |      10 |       3 |  23.1
      Elf:3 |   14855 |   25143 |  62.9 |      24 |      23 |  48.9
   Vaults:1 |   22159 |   15793 |  41.6 |      27 |      20 |  42.6
   Vaults:2 |   26723 |   42692 |  61.5 |      36 |      52 |  59.1
   Vaults:3 |   25417 |   23715 |  48.3 |      34 |      28 |  45.2
   Vaults:4 |   37405 |   34959 |  48.3 |      42 |      41 |  49.4
   Vaults:5 |   18031 |  117101 |  86.7 |      30 |     103 |  77.4
    Crypt:1 |   25290 |       0 |   0.0 |      41 |       0 |   0.0
    Crypt:2 |   31402 |       0 |   0.0 |      47 |       0 |   0.0
    Crypt:3 |   26325 |   40050 |  60.3 |      40 |      57 |  58.8
   Depths:1 |   16903 |       0 |   0.0 |      26 |       0 |   0.0
   Depths:2 |   22630 |   27482 |  54.8 |      26 |      23 |  46.9
   Depths:3 |   34090 |    4217 |  11.0 |      38 |      14 |  26.9
   Depths:4 |   26859 |   60327 |  69.2 |      32 |      62 |  66.0
      Zot:1 |   28514 |   29006 |  50.4 |      22 |      14 |  38.9
      Zot:2 |   55404 |   20547 |  27.1 |      48 |      13 |  21.3
      Zot:3 |   25289 |     966 |   3.7 |      19 |       2 |   9.5
      Zot:4 |   41362 |       0 |   0.0 |      30 |       0 |   0.0
      Zot:5 |   39613 |   88715 |  69.1 |      31 |      34 |  52.3
      IceCv |       0 |   17667 | 100.0 |       0 |      52 | 100.0
     WizLab |       0 |   16164 | 100.0 |       0 |      19 | 100.0
            +---------+---------+-------+---------+---------+-------
